 Dungeon Crawl Stone Soup version 0.30-a0-743-gbfdf073431 (webtiles) character file.

Game seed: 7205640125831558614

12112 Monkooky the Placeless Demigod (level 11, -1/132 HPs)
             Began as a Demigod Warper on Feb 6, 2023.
             Slain by a harpy skeleton (7 damage)
             ... in a volcano.
             The game lasted 00:55:12 (15444 turns).

Monkooky the Placeless Demigod (Demigod Warper)    Turns: 15444, Time: 00:55:13

Health: -1/132     AC: 10    Str: 11    XL:     11   Next: 32%
Magic:  3/20       EV: 15    Int: 23    God:
Gold:   722        SH:  0    Dex: 26    Spells: 0/17 levels left

rFire   . . .      SeeInvis .    C - +3 rapier (drain)
rCold   . . .      Faith    .    (no shield)
rNeg    . . .      Spirit   .    L - +0 acid dragon scales
rPois   .          Reflect  .    (helmet restricted)
rElec   .          Harm     .    o - +0 cloak
rCorr   +          Rampage  .    e - +1 pair of gloves {Stlth+}
Will    +....                    f - +0 pair of boots Stlth
                                 t - amulet of magic regeneration
HPRegen 0.42/turn                B - +6 ring of dexterity
MPRegen 0.57/turn                (no ring)

@: mighty, berserking, very quick
A: high MP 1, forlorn, divine attributes, antennae 1, clever 1
a: no special abilities


You were in a volcano.
You visited 2 branches of the dungeon, and saw 12 of its levels.
You also visited: Sewer and Volcano.

You collected 722 gold pieces.

Inventory:

Hand Weapons
 a - a +0 falchion
 C - a +3 rapier of draining (weapon)
 J - a +0 arbalest
Missiles
 q - 5 datura-tipped darts
 D - 13 poisoned darts
 E - 4 throwing nets
 H - 5 boomerangs
Armour
 b - a +0 leather armour
 e - a +1 pair of gloves of stealth (worn)
 f - a +0 pair of boots (worn)
 i - +0 steam dragon scales
 o - a +0 cloak (worn)
 p - the +1 leather armour of Shielding {Rampage rC+}
   (You found it on level 5 of the Dungeon)

   rC:        It protects you from cold.
   Rampage:   It bestows one free step when moving towards enemies.
 u - a +0 robe
 w - a +0 helmet
 z - an orb of mayhem
 F - a +0 plate armour
 L - +0 acid dragon scales (worn)
Jewellery
 t - an amulet of magic regeneration (around neck)
 B - a +6 ring of dexterity (left hand)
Wands
 n - a wand of digging (3)
 A - a wand of flame (13)
 K - a wand of polymorph (5)
Scrolls
 c - 7 scrolls of blinking
 j - a scroll of amnesia
 l - a scroll of fog
 r - 3 scrolls of vulnerability
 y - a scroll of teleportation
Potions
 d - 2 potions of mutation
 k - a potion of attraction
 s - a potion of lignification
 v - a potion of haste
 x - a potion of flight
 I - a potion of invisibility
 M - a potion of curing


   Skills:
 - Level 5.4 Fighting
 - Level 8.0 Long Blades
 - Level 3.3 Ranged Weapons
 - Level 5.4 Throwing
 - Level 0.9 Armour
 - Level 5.1 Dodging
 - Level 3.6 Spellcasting
 - Level 2.9 Conjurations
 * Level 3.2 Necromancy
 - Level 8.9 Translocations
 - Level 2.9 Air Magic
 * Level 3.2 Earth Magic
 - Level 2.9 Poison Magic


You couldn't memorise any spells.
You knew the following spells:

 Your Spells              Type           Power      Damage    Failure   Level
a - Blink                 Tloc           90%        N/A       1%          2
b - Manifold Assault      Tloc           45%        N/A       4%          4
c - Teleport Other        Tloc           45%        N/A       1%          3
d - Mephitic Cloud        Conj/Pois/Air  17%        N/A       16%         3
e - Borgnjor's Vile Clut  Necr/Erth      9%         N/A       77%         5

Your spell library contained the following spells:

 Spells                   Type           Power      Damage    Failure   Level
 Lesser Beckoning         Tloc           90%        N/A       1%          2
 Magic Dart               Conj           68%        1d6       4%          1
 Sandblast                Erth           38%        2d10      4%          1
 Vhi's Electric Charge    Tloc/Air       62%        N/A       4%          3
 Foxfire                  Conj/Fire      40%        2x1d6     10%         1
 Passwall                 Tmut/Erth      9%         N/A       13%         2
 Stone Arrow              Conj/Erth      36%        3d9       14%         3
 Call Imp                 Summ           4%         N/A       26%         2
 Hailstorm                Conj/Ice       10%        3d5       28%         3
 Frozen Ramparts          Ice            8%         1d2       45%         3
 Ice Form                 Ice/Tmut       4%         N/A       86%         4
 Summon Ice Beast         Ice/Summ       4%         N/A       86%         4
 Alistair's Intoxication  Tmut/Pois      6%         N/A       95%         5
 Fireball                 Conj/Fire      5%         3d5       95%         5
 Eringya's Noxious Bog    Tmut/Pois      5%         N/A       100%        6
 Simulacrum               Ice/Necr       5%         N/A       100%        6
 Starburst                Conj/Fire      5%         6d4       100%        6


Dungeon Overview and Level Annotations

Branches:
Dungeon (11/15)            Temple (0/1) D:5            Lair (0/5) D:8
    Orc (1/2) D:10          Sewer (visited)         Volcano (1/1)

Annotations:
D:4 Prince Ribbit


Innate Abilities, Weirdness & Mutations

You have an increased reservoir of magic. (+10% MP)
You shall have no god before yourself.
Your divine heritage dramatically boosts your attributes as you level up.
You have a pair of small antennae on your head.
Your mind is acute. (Int +4, Str/Dex -1)


Message History

You hit the harpy skeleton.
The harpy skeleton is lightly damaged.
The harpy skeleton barely misses you.
The harpy skeleton completely misses you.
The harpy skeleton barely misses you. x2
The harpy skeleton claws you but does no damage. x3
The harpy skeleton closely misses you.
You puncture the harpy skeleton!
The harpy skeleton is moderately damaged.
The harpy skeleton misses you. The harpy skeleton barely misses you.
The harpy skeleton claws you. The harpy skeleton barely misses you.
The harpy skeleton claws you but does no damage.
The harpy skeleton barely misses you.
The harpy skeleton closely misses you. x2
You impale the harpy skeleton!!
The harpy skeleton is severely damaged.
The harpy skeleton claws you! The harpy skeleton claws you.
* * * LOW HITPOINT WARNING * * *
The harpy skeleton claws you but does no damage.
The harpy skeleton barely misses you. The harpy skeleton claws you.
* * * LOW HITPOINT WARNING * * *
The harpy skeleton claws you but does no damage.
The harpy skeleton misses you. The harpy skeleton barely misses you.
The harpy skeleton misses you. The harpy skeleton barely misses you.
The harpy skeleton claws you!
* * * LOW HITPOINT WARNING * * *
The harpy skeleton completely misses you.
A red film seems to cover your vision as you go berserk!
You feel yourself moving faster!
You feel mighty! The harpy skeleton misses you.
The harpy skeleton claws you but does no damage. x3
The harpy skeleton claws you.
* * * LOW HITPOINT WARNING * * *
The harpy skeleton claws you.
* * * LOW HITPOINT WARNING * * *
The harpy skeleton completely misses you.
The harpy skeleton closely misses you.
You puncture the harpy skeleton!
You destroy the harpy skeleton!
The harpy skeleton claws you!
You die...

*** ***,*** ## *,,,*,** ###.
~~,,,*,**######* ##...
~~~,***,*#..⌠..* #####....
,~~*,***,+.....##########.#.....≈
*,*,** **#.....'....8...+≈...≈§§≈
**,** *,+..∩..Z........+...≈≈§§§
*** **#.....'@...8...+≈....≈≈≈
#.....##########.#..§≈≈§
#..⌠.,*{* ****###≈.≈≈§§
*#+##***+** *,,* ##≈≈≈§≈
***,,,,,,,,,***,,* ##§≈≈§
*,+,~~~~~~~,+,+,,* *#≈≈≈
***,,,,,,,,,***,,* *##§
**+*****+** *,,* *# *,* *,* ****
*


You could see a harpy skeleton.

Vanquished Creatures
  Harold (D:9)
  A tengu warrior (D:10)
  Nergalle (D:10)
  A cyclops (D:11)
  A salamander (shapeshifter) (D:9)
  A gargoyle (D:10)
  Maggie (D:8)
  A troll (D:10)
  A hornet (D:9)
  A blink frog (shapeshifter) (D:9)
  A harpy skeleton (Volcano)
  4 slime creatures (D:8)
  3 flying skulls (Volcano)
  2 wraiths
  A basilisk (D:9)
  2 wyverns
  2 yaks
  2 vampire mosquitoes
  A steam dragon (D:10)
  An acid dragon (D:9)
  4 water moccasins
  4 orc warriors
  5 black bears
  A sky beast (D:8)
  An ice beast (D:5)
  2 ogres (D:6)
  4 centaurs
  3 phantoms (D:5)
  3 kobold brigands
  5 bullfrogs
  A gnoll sergeant (D:9)
  4 scorpions
  3 wights (D:7)
  13 killer bees
  4 howler monkeys
  3 jellies
  A gnoll bouda (D:10)
  10 orc priests
  2 hounds (D:7)
  5 iguanas
  12 orc wizards
  9 gnolls
  6 adders
  A river rat (D:6)
  A white imp (D:7)
  An ufetubus (D:5)
  A worm (D:6)
  A dart slug (D:4)
  37 orcs
  18 ball pythons
  22 endoplasms
  12 giant cockroaches
  9 hobgoblins
  10 jackals
  9 quokkas
  3 bats
  13 frilled lizards
  11 goblins
  16 kobolds
  12 rats
311 creatures vanquished.

Vanquished Creatures (collateral kills)
  A two-headed ogre (D:9)
  An orc warrior (D:9)
  A howler monkey (D:9)
  An orc priest (D:9)
  5 orcs
9 creatures vanquished.

Vanquished Creatures (others)
  An orc warrior (D:9)
  An orc priest (D:5)
  2 orcs
  A ball python (D:2)
  A butterfly (D:7)
  47 fungi (D:8)
  49 plants (D:8)
102 creatures vanquished.

Grand Total: 422 creatures vanquished

Notes
Turn   | Place    | Note
-------+----------+-------------------------------------------
     0 | D:1      | Monkooky the Demigod Warper began the quest for the Orb.
     0 | D:1      | Reached XP level 1. HP: 17/17 MP: 5/5
   266 | D:1      | Reached XP level 2. HP: 8/24 MP: 7/7
   439 | D:1      | Learned a level 2 spell: Blink
   783 | D:2      | Noticed a scorpion
   956 | D:2      | Reached XP level 3. HP: 24/29 MP: 8/8
  1669 | D:2      | Killed a scorpion
  1670 | D:2      | Reached XP level 4. HP: 36/36 MP: 9/9
  1802 | D:3      | Learned a level 4 spell: Manifold Assault
  2748 | D:4      | Noticed a water elemental
  2759 | D:4      | Noticed a fire elemental
  2759 | D:4      | Noticed an air elemental
  2759 | D:4      | Noticed an earth elemental
  3117 | D:4      | Reached XP level 5. HP: 16/41 MP: 10/10
  3880 | D:5      | Entered Level 5 of the Dungeon
  3880 | D:5      | Noticed Prince Ribbit
  4218 | D:5      | Reached skill level 5 in Long Blades
  4336 | D:5      | Reached XP level 6. HP: 21/48 MP: 8/11
  4832 | D:5      | Reached XP level 7. HP: 48/53 MP: 12/12
  4891 | D:5      | Reached skill level 1 in Throwing
  4891 | D:5      | Identified the +1 leather armour of Shielding {Rampage rC+}
  5538 | D:5      | Found a staircase to the Ecumenical Temple.
  5586 | D:6      | Found a glowing drain.
  5596 | Sewer    | Entered a sewer
  5879 | Sewer    | Learned a level 3 spell: Teleport Other
  6252 | D:6      | Reached skill level 5 in Translocations
  6286 | D:6      | Reached XP level 8. HP: 39/61 MP: 13/13
  7187 | D:7      | Gained mutation: Your mind is acute. (Int +4, Str/Dex -1)
                  | [potion of mutation]
  7187 | D:7      | Gained mutation: You have a pair of small antennae on your
                  | head. [potion of mutation]
  7190 | D:7      | HP: 4/91 [poisoned by a water moccasin]
  7632 | D:7      | Reached XP level 9. HP: 60/67 MP: 7/14
  8094 | D:8      | Noticed Maggie
  8141 | D:8      | Killed Maggie
  8644 | D:8      | Found a staircase to the Lair.
 10225 | D:8      | Reached XP level 10. HP: 80/80 MP: 6/18
 10286 | D:8      | Reached skill level 5 in Fighting
 11348 | D:9      | Reached skill level 5 in Dodging
 11359 | D:9      | HP: 6/121 [killer bee (4)]
 11890 | D:9      | Noticed Harold
 11911 | D:9      | Killed Harold
 11912 | D:9      | Reached skill level 5 in Throwing
 12078 | D:9      | Noticed a two-headed ogre
 12107 | D:9      | Killed a two-headed ogre
 12254 | D:9      | Learned a level 3 spell: Mephitic Cloud
 12644 | D:10     | Entered Level 10 of the Dungeon
 12674 | D:10     | Found a staircase to the Orcish Mines.
 12774 | D:9      | Reached skill level 1 in Conjurations
 12774 | D:9      | Reached skill level 1 in Air Magic
 12904 | D:9      | Reached skill level 1 in Poison Magic
 12939 | D:9      | Noticed a deep troll
 13152 | D:10     | Noticed Nergalle
 13181 | D:9      | Noticed a dire elephant
 13211 | D:9      | a dire elephant changed into an alligator snapping turtle
 13211 | D:9      | Noticed an alligator snapping turtle (shapeshifter)
 13218 | D:9      | an alligator snapping turtle changed into a shapeshifter
 13218 | D:9      | a shapeshifter changed into a salamander
 13218 | D:9      | Noticed a salamander (shapeshifter)
 13231 | D:9      | Killed a salamander
 13345 | D:10     | Noticed a tengu warrior
 13426 | D:10     | Reached XP level 11. HP: 30/88 MP: 2/20
 13443 | D:10     | Killed a tengu warrior
 14082 | D:10     | Learned a level 5 spell: Borgnjor's Vile Clutch
 14205 | D:10     | Reached skill level 1 in Necromancy
 14205 | D:10     | Reached skill level 1 in Earth Magic
 14389 | D:10     | Killed Nergalle
 15094 | Orc:1    | Entered Level 1 of the Orcish Mines
 15097 | Orc:1    | Found a dark tunnel.
 15105 | Volcano  | Entered a volcano
 15443 | Volcano  | HP: 6/132 [harpy skeleton (6)]
 15444 | Volcano  | Slain by a harpy skeleton

Illustrated notes

Levels and vault maps discovered:
D:1:      nicolae_arrival_memento_mori, layout_rooms, minmay_unequal
D:2:      layout_basic, ebering_ecumenical_altar_petrified, minmay_vboxes
D:3:      layout_basic, nemelex_xobeh_ov_fountains_minmay,
          nicolae_overflow_hidden_temple
D:4:      layout_basic, grunt_temple_overflow_open, kennysheep_okawaru_gauntlet,
          nicolae_qazlal_style_of_elements, minmay_misc_feat_room,
          corexii_item_surrounded_by_moat
D:5:      layout_basic, temple_hall, uniq_prince_ribbit1
D:6:      layout_cave_pools, nicolae_dithmenos_through_a_glass_darkly,
          portal_sewer_entry_a, nrook_loot_triangle
D:7:      layout_loops_ring, nicolae_elyvilon_peaceful_grove, serial_rivers,
          chequers_serial_rivers_micro_e, chequers_serial_rivers_small_b,
          chequers_serial_rivers_micro_d, chequers_serial_rivers_room_a,
          chequers_serial_rivers_micro_e, chequers_serial_rivers_small_b
D:8:      layout_basic, due_lair_maze_entry_diamond, uniq_maggie
D:9:      minmay_chambers_of_sixes, layout_gridville,
          mainiacjoe_overflow_six_doors_small, uniq_harold
D:10:     layout_basic, minmay_orc_entry_temple_small, uniq_nergalle
D:11:     layout_gridville, minmay_misc_feat_pillars
Orc:1:    layout_caves, nicolae_volcano_entry_lava_flow, mines1_david
Volcano:  volcano_tomb [vts_original]

Skill      XL: |  1  2  3  4  5  6  7  8  9 10 11 |
---------------+----------------------------------+-----
Long Blades    | 2 3 4 5 6 7 8 |  8.0
Translocations | 3 5 8 |  8.9
Dodging        | 2 3 4 5 |  5.1
Throwing       | 2 5 |  5.4
Fighting       | 4 5 |  5.4
Spellcasting   | 3 |  3.6
Ranged Weapons | 3 |  3.3
Conjurations   | 2 |  2.9
Air Magic      | 2 |  2.9
Poison Magic   | 2 |  2.9
Necromancy     | 3 |  3.2
Earth Magic    | 3 |  3.2
Armour         | |  0.9

Action                     |  1- 3 |  4- 6 |  7- 9 | 10-12 || total
---------------------------+-------+-------+-------+-------++-------
  Melee: Falchion          |   149 |   229 |   176 |       ||   554
         Punch             |       |     2 |     2 |     7 ||    11
         Rapier            |       |       |   401 |   499 ||   900
  Throw: Boomerang         |     7 |       |       |       ||     7
         Dart              |     3 |    25 |    11 |    19 ||    58
         Throwing net      |       |       |     1 |       ||     1
   Cast: Blink             |     1 |     6 |    14 |     1 ||    22
         Manifold Assault  |       |       |    86 |   127 ||   213
         Teleport Other    |       |       |    14 |    27 ||    41
         Mephitic Cloud    |       |       |       |     7 ||     7
  Evoke: Wand              |       |       |       |     3 ||     3
    Use: Potion            |       |     1 |     8 |     6 ||    15
         Scroll            |       |     8 |     7 |     4 ||    19
   Stab: Sleeping          |     3 |     6 |    11 |     2 ||    22
         Distracted        |       |     1 |       |       ||     1
         Confused          |       |       |       |     8 ||     8
 Armour: Leather armour    |    64 |    80 |    83 |       ||   227
         Robe              |       |     1 |       |       ||     1
         Skin              |       |       |     6 |    47 ||    53
         Steam dragon scal |       |       |    30 |    21 ||    51
         Acid dragon scale |       |       |       |    98 ||    98
  Dodge: Dodged            |   149 |   133 |   380 |   358 ||  1020

Table legend: (Time is in decaauts)
 A = Elapsed time spent in this place.
 B = Non-inter-level travel time spent in this place.
 C = Inter-level travel time spent in this place.
 D = Time resting spent in this place.
 E = Time spent auto-exploring this place.
 F = Levels seen in this place.
 G = Mean time per level.
                   A        B        C        D        E       F      G
               +--------+--------+--------+--------+--------+-----+--------+
         Total |  15581 |  14409 |   1172 |   2984 |   7583 |  14 | 1112.9 |
       Dungeon |  14718 |  13546 |   1172 |   2803 |   7372 |  11 | 1338.0 |
  Orcish Mines |     10 |     10 |      0 |      0 |      0 |   1 |   10.0 |
         Sewer |    515 |    515 |      0 |      0 |    210 |   1 |  515.0 |
       Volcano |    336 |    336 |      0 |    181 |      0 |   1 |  336.0 |
               +--------+--------+--------+--------+--------+-----+--------+

Top non-repeatable levels by time:
     D:8: 2795 daAuts
     D:9: 2260 daAuts
     D:4: 1778 daAuts
     D:7: 1623 daAuts
    D:10: 1595 daAuts
     D:5: 1219 daAuts
     D:2: 950 daAuts
     D:3: 919 daAuts
     D:6: 798 daAuts
     D:1: 762 daAuts
   Sewer: 515 daAuts
 Volcano: 336 daAuts
    D:11: 15 daAuts
   Orc:1: 10 daAuts
